 Dungeon Crawl Stone Soup version 0.18.1-5-g4a78601 (webtiles) character file.

38470 Liquid the Spry (level 13, -4/65 HPs)
             Began as a Spriggan Enchanter on May 10, 2016.
             Was a High Priest of Ashenzari.
             Slain by a seven-headed hydra (11 damage)
             ... on level 8 of the Lair of Beasts on May 11, 2016.
             The game lasted 01:31:41 (19159 turns).

Liquid the Spry (Spriggan Enchanter)               Turns: 19159, Time: 01:31:41

Health: -4/65      AC:  3    Str:  6    XL:     13   Next: 64%
Magic:  28/29      EV: 39    Int: 20    God:    Ashenzari [*****.]
Gold:   1092       SH:  2    Dex: 18    Spells: 7 memorised, 17 levels left

rFire  . . .     SeeInvis +     g - +3 dagger (holy)
rCold  + . .     Gourm    .     Q - +1 robe of Fun and Games {rElec rPois} (curse)
rNeg   . . .     Faith    .     (shield restricted)
rPois  +         Spirit   .     (helmet restricted)
rElec  +         Dismiss  .     I - +0 cloak (curse)
rCorr  .         Reflect  +     (gloves unavailable)
SustAt +         Harm     .     (boots unavailable)
MR     ++...     Clarity  +     P - amulet of Dishonesty {Reflect rC+ Str+2 SH+2} (curse)
Stlth  +++++++...               k - ring of sustain attributes
                                m - +5 ring of evasion (curse)

@: about to teleport, slowed, quick, very resistant to hostile enchantments,
extremely stealthy
A: unfitting armour, see invisible, deformed body, herbivore 3, speed 3, slow
metabolism 2
a: Curse Item, Scrying, Transfer Knowledge, Renounce Religion


You were on level 8 of the Lair of Beasts.
You worshipped Ashenzari.
Ashenzari was extremely pleased with you.
You were not hungry.

You visited 3 branches of the dungeon, and saw 21 of its levels.
You also visited: Labyrinth.

You collected 1157 gold pieces.
You spent 65 gold pieces at shops.

Inventory:

Hand Weapons
 g - a +3 dagger of holy wrath (weapon)
 W - a +0 broad axe
Missiles
 C - 3 throwing nets (quivered)
Armour
 I - a cursed +0 cloak (worn)
 M - a +2 robe of cold resistance
 Q - the cursed +1 robe of Fun and Games (worn) {rElec rPois}
   (You found it on level 1 of the Lair of Beasts)

   It insulates you from electricity.
   It protects you from poison.
   It has a curse placed upon it.
Magical Staves
 p - an uncursed staff of air
 N - an uncursed staff of cold
 X - an uncursed staff of power
Rods
 L - a +3 lightning rod (14/14)
   (You found it in a labyrinth)
Jewellery
 k - a ring of sustain attributes (right hand)
 m - a cursed +5 ring of evasion (left hand)
 P - the cursed amulet of Dishonesty (around neck) {Reflect rC+ Str+2 SH+2}
   (You acquired it on level 2 of the Lair of Beasts)

   [amulet of reflection]

   It shields you and reflects attacks.
   It affects your strength (+2).
   It protects you from cold.
   It affects your SH (+2).
   It has a curse placed upon it.
Wands
 b - a wand of random effects (34/48)
 c - a wand of iceblast (5/15)
 n - a wand of acid (7/15)
 o - a wand of iceblast (6/15)
 r - a wand of teleportation (3/9)
 s - a wand of iceblast (10/15)
 G - a wand of acid (1/15)
 K - a wand of lightning (7/15)
 S - a wand of flame (28/48)
 T - a wand of lightning (6/15)
 U - a wand of hasting (3/9)
 V - a wand of iceblast (3/15)
Scrolls
 f - 3 scrolls of recharging
 h - 2 scrolls of identify
 l - a scroll of fog
 t - 2 scrolls of amnesia
 u - 3 scrolls of blinking
 x - 5 scrolls of enchant weapon
 D - 4 scrolls of teleportation
 O - a scroll of remove curse
Potions
 a - a potion of heal wounds
 e - 6 potions of flight
 i - a potion of might
 j - 10 potions of curing
 q - 3 potions of lignification
 v - 4 potions of haste
 z - 2 potions of berserk rage
 A - a potion of ambrosia
 B - 2 potions of cure mutation
 E - 2 potions of agility
 F - 2 potions of resistance
 H - a potion of magic
 J - a potion of degeneration {unknown}
 R - a potion of invisibility {unknown}
Books
 y - a book of Geomancy

   Spells                             Type                      Level
   a - Sandblast                      Earth                        1
   b - Passwall                       Transmutation/Earth          2
   c - Stone Arrow                    Conjuration/Earth            3
   d - Petrify                        Transmutation/Earth          4
   e - Lee's Rapid Deconstruction     Earth                        5
Comestibles
 d - 17 bread rations
 w - 9 fruits


   Skills:
 * Level 6.2 Fighting
 - Level 5.1 Short Blades
 + Level 16.3(18.5) Dodging
 + Level 13.4(15.6) Stealth
 - Level 11.1 Spellcasting
 + Level 15.7(17.9) Hexes
 - Level 4.8(7.4) Translocations


You had 17 spell levels left.
You knew the following spells:

 Your Spells              Type           Power        Failure   Level  Hunger
a - Corona                Hex            ######.      0%          1    None
b - Ensorcelled Hibernat  Hex/Ice        #####.       1%          2    None
c - Confuse               Hex            ######..     0%          3    None
d - Tukima's Dance        Hex            ######..     0%          3    None
e - Mephitic Cloud        Conj/Pois/Air  ##......     17%         3    None
f - Apportation           Tloc           #####.....   1%          1    None
g - Passage of Golubria   Tloc           N/A          3%          4    ##.....


Dungeon Overview and Level Annotations

Branches:
Dungeon (12/15)            Temple (1/1) D:5            Lair (8/8) D:8
  Swamp (0/4) Lair:6        Snake (0/4) Lair:6        Slime (0/6) Lair:8
    Orc (0/2) D:11

Altars:
Ashenzari
Cheibriados
Dithmenos
Elyvilon
Fedhas
Gozag
Kikubaaqudgha
Makhleb
Nemelex Xobeh
Okawaru
Pakellas
Qazlal
Ru
Sif Muna
Trog
Vehumet
Xom
Yredelemnul
Zin
The Shining One

Shops:
D:6 (   D:10 *

Annotations:
D:4 feelmyfire's ghost, amateur MiFi
Lair:8 Nessos


Innate Abilities, Weirdness & Mutations

You are tiny and cannot use many weapons and most armour.
You have supernaturally acute eyesight.
You are a herbivore.
You cover ground extremely quickly.
You need consume almost no food.
Armour fits poorly on your strangely shaped body.


Message History

The torpor snail looks drowsy...
Nessos the Markscentaur comes into view.
Ashenzari warns you: He is wearing a centaur barding of flying and carrying a longbow of flaming.
Found a stone staircase leading up.
Found 18 gold pieces.
A yak comes into view.
That item cannot be evoked!
That item cannot be evoked!
Zapping:
r - a wand of teleportation (4/9)
Press: ? - help, Shift-Dir - straight line, f - you, p - torpor snail You feel strangely unstable.
This wand has 3 charges left.
Nessos shouts!
The yak bellows!
Nessos wields a longbow of flaming.
It bursts into flame!
Nessos shoots an arrow.
The arrow hits you!!
* * * LOW HITPOINT WARNING * * *
The arrow burns you.
* * * LOW HITPOINT WARNING * * *
The seven-headed hydra completely misses you. x2
The seven-headed hydra bites you!
You die...

...P..........#........ ,
,,
.................l.....,,
, .....PP..............##
,, ,,,
..^..PP.PP.....P.c....#. ,
,,,
P.......P............... ,
.......∩.P............Y$ ,
P..........?..w.t.....Y.,
, ,, ...............r....#
,, ,,
Y..!.P.......r.D@.#.... ,
......P......P##....!...,
, *
......P........##.....<.,,
..rY.......#..##*#...... *
, ..r............. #.....
,, ,
.Y.r.rr........#*,#.... ,
, , , #YYY.........##*
####, , , , ............#
,, , ,,,, ,,, ,* ** , **


You could see Nessos, a seven-headed hydra, a torpor snail (wandering), 2 yaks,
a basilisk (wandering), a crocodile and 2 river rats.

Vanquished Creatures
  A minotaur (Lab)
  Fannar (D:10)
  Harold (D:10)
  A catoblepas (Lair:7)
  A hydra (Lair:7)
  Urug (Lair:4)
  2 unseen horrors
  Pikel (D:8)
  2 hill giants
  An ugly thing (D:11)
  A cyclops (D:12)
  A griffon (Lair:5)
  A centaur zombie (D:12)
  Maurice (D:10)
  Psyche (D:11)
  A torpor snail (Lair:7)
  2 black mambas
  5 spiny frogs
  A gargoyle (D:12)
  3 rime drakes
  8 komodo dragons
  3 trolls
  2 polar bears
  A slime creature (Lair:4)
  Prince Ribbit (D:8)
  A boulder beetle (Lair:5)
  A spriggan (Lair:6)
  A vampire (D:11)
  A wyvern (Lair:7)
  52 yaks
  Grum (D:8)
  11 hippogriffs
  Menkaure (D:7)
  3 nagas (Lair:6)
  5 swamp worms (Lair:6)
  13 water moccasins
  A soldier ant (D:11)
  14 porcupines
  3 ice beasts
  4 orc warriors
  3 sky beasts (D:8)
  2 ogres
  5 black bears
  A wasp (D:8)
  10 wolves
  4 centaurs
  12 crocodiles
  3 big kobolds
  8 giant frogs
  2 scorpions
  A water moccasin skeleton (D:6)
  12 killer bees
  2 electric eels
  7 howler monkeys
  7 crimson imps
  2 giant frog zombies
  A lava snake (D:12)
  2 quasits
  4 giant frog skeletons
  4 jellies
  3 hounds
  6 orc priests
  A centaur skeleton (D:10)
  9 worker ants
  9 iguanas
  8 orc wizards
  19 sheep
  12 gnolls
  11 adders
  53 river rats
  15 oozes
  3 adder skeletons
  3 worms
  3 dart slugs
  3 giant geckos
  38 orcs
  5 giant cockroaches
  16 goblins
  15 hobgoblins
  5 jackals
  3 quokkas
  2 ball pythons
  10 bats
  9 giant newts
  2 goblin skeletons (D:6)
  2 hobgoblin zombies (D:6)
  15 kobolds
  A kobold skeleton (D:6)
  A kobold zombie (D:6)
  An orc skeleton (D:6)
  An orc zombie (D:6)
  9 rats
541 creatures vanquished.

Vanquished Creatures (collateral kills)
  Maud (Lair:7)
  2 hill giants
  An orc warrior (D:8)
  An ogre (D:5)
  Robin (D:2)
  2 river rats (Lair:7)
  An orc (D:8)
9 creatures vanquished.

Vanquished Creatures (others)
  A black mamba (Lair:5)
  3 dancing weapons
  A river rat (Lair:3)
  3 rats (D:8)
  6 fungi
14 creatures vanquished.

Grand Total: 564 creatures vanquished

Notes
Turn   | Place    | Note
--------------------------------------------------------------
     0 | D:1      | Liquid the Spriggan Enchanter began the quest for the Orb.
     0 | D:1      | Reached XP level 1. HP: 9/9 MP: 5/5
   356 | D:1      | Reached XP level 2. HP: 8/13 MP: 6/6
   360 | D:1      | Learned a level 2 spell: Ensorcelled Hibernation
   630 | D:1      | Reached skill level 5 in Stealth
   882 | D:1      | Reached skill level 4 in Dodging
   949 | D:1      | Reached XP level 3. HP: 15/16 MP: 8/8
   954 | D:1      | Learned a level 3 spell: Confuse
  1060 | D:2      | Noticed Robin
  1531 | D:2      | Reached XP level 4. HP: 19/21 MP: 9/9
  1536 | D:2      | Learned a level 3 spell: Tukima's Dance
  1612 | D:2      | Killed Robin
  2710 | D:3      | Reached XP level 5. HP: 21/24 MP: 1/11
  3079 | D:3      | You fall through a shaft for 3 floors!
  3088 | D:5      | Entered Level 5 of the Dungeon
  3089 | D:5      | Reached skill level 5 in Dodging
  3149 | D:4      | Reached XP level 6. HP: 28/28 MP: 10/13
  3227 | D:4      | Noticed feelmyfire's ghost (amateur MiFi)
  3710 | D:4      | Reached skill level 5 in Hexes
  4141 | D:5      | Reached skill level 6 in Dodging
  4313 | D:5      | Reached XP level 7. HP: 24/32 MP: 11/15
  4346 | D:5      | Found a staircase to the Ecumenical Temple.
  4353 | Temple   | Entered the Ecumenical Temple
  4639 | D:5      | Reached skill level 5 in Spellcasting
  4832 | D:6      | Got a brightly glowing leather armour
  4899 | D:6      | Found a glowing golden altar of the Shining One.
  5052 | D:6      | Reached skill level 7 in Dodging
  5146 | D:6      | Reached XP level 8. HP: 24/36 MP: 6/17
  5463 | D:6      | Found Aqaso's Weapon Shop.
  5661 | D:7      | Found a shattered altar of Ashenzari.
  5668 | D:7      | Became a worshipper of Ashenzari the Shackled
  5867 | D:7      | Noticed Menkaure
  5877 | D:7      | Killed Menkaure
  5877 | D:7      | Reached skill level 8 in Dodging
  5939 | D:7      | Reached skill level 10 in Stealth
  6107 | D:8      | Noticed Prince Ribbit
  6116 | D:8      | Killed Prince Ribbit
  6116 | D:8      | Reached XP level 9. HP: 40/40 MP: 20/20
  6126 | D:8      | Reached skill level 1 in Fighting
  6130 | D:8      | Noticed Grum
  6157 | D:8      | Killed Grum
  6411 | D:8      | Found a staircase to the Lair.
  6606 | D:8      | Reached skill level 9 in Dodging
  6813 | D:8      | Noticed Pikel
  6823 | D:8      | Killed Pikel
  6823 | D:8      | Reached skill level 10 in Hexes
  6991 | D:8      | Reached XP level 10. HP: 35/49 MP: 8/23
  7028 | D:8      | Found a shimmering altar of Xom.
  7030 | D:8      | Reached skill level 10 in Dodging
  7085 | D:8      | Reached * piety under Ashenzari
  7130 | D:8      | Found a shattered altar of Ashenzari.
  7178 | D:8      | Found a shadowy altar of Dithmenos.
  7477 | D:8      | Learned a level 3 spell: Mephitic Cloud
  7502 | D:9      | Found a snail-covered altar of Cheibriados.
  7537 | D:9      | Gained mutation: You are clumsy. (Dex -2) [potion of mutation]
  7537 | D:9      | Lost mutation: You are clumsy. (Dex -2) [potion of mutation]
  7537 | D:9      | Gained mutation: Armour fits poorly on your strangely shaped body. [potion of mutation]
  7609 | D:9      | Found a sparkling altar of Nemelex Xobeh.
  8420 | D:10     | Entered Level 10 of the Dungeon
  8424 | D:10     | Noticed Harold
  8446 | D:10     | Killed Harold
  8446 | D:10     | Reached skill level 11 in Dodging
  8683 | D:10     | Noticed Maurice
  8691 | D:10     | Killed Maurice
  8747 | D:10     | Noticed Fannar
  9023 | D:10     | Noticed a hill giant
  9275 | D:10     | Reached skill level 12 in Dodging
  9299 | D:10     | Found Bosmatan's General Store.
  9318 | D:10     | Killed Fannar
  9318 | D:10     | Reached XP level 11. HP: 46/52 MP: 21/25
  9338 | D:10     | Bought a scroll of identify for 26 gold pieces
  9338 | D:10     | Bought a scroll of remove curse for 39 gold pieces
  9381 | D:10     | Killed a hill giant
  9572 | D:11     | Noticed an unseen horror
  9582 | D:11     | Killed an unseen horror
  9755 | D:11     | Reached ** piety under Ashenzari
  9766 | D:11     | Found a staircase to the Orcish Mines.
  9864 | D:11     | Noticed a cyan ugly thing
 10021 | D:11     | Noticed a hill giant
 10053 | D:11     | Killed a hill giant
 10067 | D:11     | Noticed Psyche
 10081 | D:11     | Killed Psyche
 10096 | D:11     | Reached skill level 13 in Dodging
 10440 | D:11     | Killed a cyan ugly thing
 10440 | D:11     | Reached skill level 5 in Short Blades
 10717 | D:12     | Noticed a hill giant
 10730 | D:12     | Killed a hill giant
 11089 | D:12     | Noticed an unseen horror
 11096 | D:12     | Killed an unseen horror
 11096 | D:12     | Reached skill level 10 in Spellcasting
 11431 | D:12     | Reached skill level 14 in Dodging
 11688 | D:11     | Noticed a hill giant
 11700 | D:11     | Killed a hill giant
 11763 | Lair:1   | Entered Level 1 of the Lair of Beasts
 12074 | Lair:1   | Reached XP level 12. HP: 56/56 MP: 10/27
 12325 | Lair:1   | Identified the cursed +1 robe of Fun and Games {rElec rPois}
 12959 | Lair:2   | Reached skill level 15 in Dodging
 13207 | Lair:2   | Identified a scroll of acquirement
 13207 | Lair:2   | Identified the cursed amulet of Dishonesty {Reflect rC+ Str+2 SH+2} (You acquired it on level 2 of the Lair of Beasts)
 13310 | Lair:2   | Reached *** piety under Ashenzari
 14419 | Lair:3   | Learned a level 1 spell: Apportation
 14424 | Lair:3   | Learned a level 4 spell: Passage of Golubria
 14869 | Lair:4   | Noticed Urug
 14871 | Lair:4   | Reached skill level 1 in Translocations
 14881 | Lair:4   | Killed Urug
 15273 | Lair:4   | Reached skill level 15 in Hexes
 15961 | Lair:5   | Reached **** piety under Ashenzari
 16279 | Lair:5   | Reached XP level 13. HP: 58/61 MP: 24/29
 16681 | Lair:6   | Found a staircase to the Snake Pit.
 16954 | Lair:6   | Reached ***** piety under Ashenzari
 17176 | Lair:6   | Found a staircase to the Swamp.
 17572 | Lair:7   | Reached skill level 16 in Dodging
 17826 | Lair:7   | Reached skill level 5 in Fighting
 18279 | Lair:7   | Noticed Maud
 18342 | Lair:7   | Killed Maud
 18708 | Lair:8   | Entered Level 8 of the Lair of Beasts
 18735 | Lair:8   | Found a labyrinth entrance.
 18752 | Lab      | Entered a labyrinth
 19121 | Lab      | Noticed a minotaur
 19123 | Lab      | Killed a minotaur
 19157 | Lair:8   | Noticed Nessos
 19159 | Lair:8   | Slain by a seven-headed hydra

Skill      XL: |  1  2  3  4  5  6  7  8  9 10 11 12 13 |
---------------+----------------------------------------+-----
Stealth        | 5 6 7 8 10 12 13 | 13.4
Dodging        | 4 5 6 7 8 9 12 14 15 16 | 16.3
Spellcasting   | 3 4 5 6 8 9 10 11 | 11.1
Hexes          | 4 5 7 8 10 12 13 15 | 15.7
Fighting       | 3 4 6 |  6.2
Short Blades   | 3 5 |  5.1
Translocations | 3 4 |  4.8

Action                   |  1- 3 |  4- 6 |  7- 9 | 10-12 | 13-15 || total
-------------------------+-------+-------+-------+-------+-------++-------
Melee: Dagger            |   134 |   125 |   165 |   506 |   180 ||  1110
 Cast: Ensorcelled Hiber |    28 |    42 |    66 |   283 |    97 ||   516
       Confuse           |     1 |     5 |    11 |    21 |     7 ||    45
       Tukima's Dance    |       |     4 |     3 |     6 |     1 ||    14
       Mephitic Cloud    |       |       |       |       |     3 ||     3
Invok: Curse Item        |       |       |       |     3 |       ||     3
       Scrying           |       |       |       |     1 |       ||     1
Evoke: Wand              |       |       |       |       |     1 ||     1
  Use: Scroll            |     1 |     9 |     5 |    13 |     3 ||    31
       Potion            |       |       |       |     2 |       ||     2
 Stab: Sleeping          |    25 |    47 |    63 |   225 |    87 ||   447
       Confused          |       |     2 |     8 |    22 |    10 ||    42
       Distracted        |       |     1 |     1 |     2 |       ||     4
  Eat: Royal jelly       |       |     1 |       |     1 |       ||     2
       Pizza             |       |     2 |       |       |       ||     2
       Bread ration      |       |       |     1 |     1 |       ||     2
       Fruit             |       |       |       |     1 |       ||     1
Armor: Robe              |    13 |    10 |     4 |    14 |     4 ||    45
Dodge: Dodged            |   111 |   115 |   135 |   533 |   196 ||  1090
Block: Other             |       |       |       |    13 |    16 ||    29
